 Dungeon Crawl Stone Soup version 0.29.0-5-ge4962eb29e (webtiles) character file.

Game seed: 6932650496798772718

37 SnakkuSnakku7 the Ducker (level 3, 0/24 HPs)
             Began as a Merfolk Air Elementalist on Aug 30, 2022.
             Slain by an adder (3 damage)
             ... on level 2 of the Dungeon.
             The game lasted 00:01:56 (2218 turns).

SnakkuSnakku7 the Ducker (Merfolk Air Elementalist) Turns: 2218, Time: 00:01:56

Health: 0/24       AC:  3    Str:  8    XL:     3   Next: 41%
Magic:  4/6        EV: 13    Int: 14    God:
Gold:   77         SH:  0    Dex: 16    Spells: 5/6 levels left

rFire   . . .      SeeInvis .   a - +0 sling
rCold   . . .      Faith    .   (no shield)
rNeg    . . .      Spirit   .   k - +0 leather armour
rPois   .          Reflect  .   (no helmet)
rElec   .          Harm     .   (no cloak)
rCorr   .          Rampage  .   (no gloves)
Will    .....                   (no boots)
Stlth   ++........              (no amulet)
HPRegen 0.08/turn               (no ring)
MPRegen 0.10/turn               (no ring)

@: lethally poisoned (0 -> -11)
A: (nimble swimmer 2), mertail
a: no special abilities


You were on level 2 of the Dungeon.
You visited 1 branch of the dungeon, and saw 2 of its levels.

You collected 77 gold pieces.

Inventory:

Hand Weapons
 a - a +0 sling (weapon)
 g - a +0 short sword
 p - a +0 spear
Armour
 d - a +0 robe
 k - a +0 leather armour (worn)
Jewellery
 q - a ring of fire
Scrolls
 e - 3 scrolls of identify {unknown}
 h - a scroll of blinking {unknown}
 i - a scroll of poison {unknown}
 n - a scroll of enchant armour {unknown}
 o - a scroll of teleportation {unknown}
Potions
 b - a potion of magic
 c - a potion of mutation {unknown}
 f - a potion of lignification {unknown}
 j - a potion of brilliance {unknown}
 l - a potion of curing {unknown}
 m - a potion of haste {unknown}


   Skills:
 + Level 0.3 Ranged Weapons
 - Level 4.8 Dodging
 - Level 2.1 Stealth
 - Level 2.0 Spellcasting
 - Level 0.7 Conjurations
 - Level 2.4 Air Magic


You had 5 spell levels left.
You knew the following spells:

 Your Spells              Type           Power      Damage    Failure   Level
a - Shock                 Conj/Air       20%        1d4       19%         1

Your spell library contained the following spells:

 Spells                   Type           Power      Damage    Failure   Level
 Static Discharge         Conj/Air       5%         3-4/arc   28%         2
 Swiftness                Air            8%         N/A       36%         3
 Airstrike                Air            4%         2d(1-17)  78%         4


Dungeon Overview and Level Annotations

Branches:
Dungeon (2/15)

Altars:


Innate Abilities, Weirdness & Mutations

((You are very nimble when in or above water. (Stealth+, EV+, Speed+++)))
Your lower body shifts to a powerful aquatic tail in water.


Message History

You feel sick. The adder bites you.
You are more poisoned.
The adder poisons you! The adder bites you but does no damage.
You shoot a sling bullet.
The sling bullet barely misses the adder.
The sling bullet hits the adder but does no damage.
The adder is heavily wounded.
You feel very sick. The adder barely misses you.
You are too injured to fight recklessly!
You are too injured to fight recklessly!
Unknown command.
You are too injured to fight recklessly!
You aren't carrying any items that you can evoke.
Unknown command.
Casting: Shock (safe; 19% risk of failure)
Confirm with . or Enter, or press ? or * to list all spells.
Aiming: Shock (safe; 19% risk of failure)
Press: ? - help, Shift-Dir - straight line, f/p - adder
Aim: an adder (moderately wounded, 43% to hit)
The zap misses the adder. x4; You feel sick.
The adder bites you.
* * * LOW HITPOINT WARNING * * *
The adder bites you.
* * * LOW HITPOINT WARNING * * *
You are more poisoned.
The adder poisons you!
Casting: Shock (safe; 19% risk of failure)
Confirm with . or Enter, or press ? or * to list all spells.
Aiming: Shock (safe; 19% risk of failure)
Press: ? - help, Shift-Dir - straight line, f/p - adder
Aim: an adder (moderately wounded, 43% to hit)
The zap hits the adder.
The adder is heavily wounded.
The zap misses the adder.
The zap hits the adder.
The adder is almost dead.
The zap misses the adder.
* * * LOW HITPOINT WARNING * * *
You feel very sick. The adder bites you.
You die...

#.#..##.#.#..##.#..#
. #.. #.#.#..##.#..#
#. #.#.#..##.#..# #.
#.#.#..##.#..#
#.#.#..##.#..# #
#.#.. #.#..#
#.#.#..##.#..#
.............#
......##@#..#
#.#.#..##S#..#
.........S#..#
.[...........#
#.#.#..####..# .....
....# ....... ..###
#.#.#.. .# ....#.. #


You could see 2 adders.

Vanquished Creatures
  An adder (D:2)
  A dart slug (D:2)
  A ball python (D:1)
  4 bats (D:1)
  An endoplasm (D:1)
  2 giant cockroaches (D:1)
  6 hobgoblins
  2 kobolds (D:1)
  A quokka (D:2)
  2 frilled lizards (D:1)
  A goblin (D:1)
  3 rats (D:1)
25 creatures vanquished.

Notes
Turn   | Place    | Note
-------+----------+-------------------------------------------
     0 | D:1      | SnakkuSnakku7 the Merfolk Air Elementalist began the quest
                  | for the Orb.
     0 | D:1      | Reached XP level 1. HP: 13/13 MP: 3/3
   160 | D:1      | Reached skill level 3 in Dodging
   213 | D:1      | Reached XP level 2. HP: 6/19 MP: 5/5
  1000 | D:1      | Reached skill level 4 in Dodging
  1791 | D:2      | Found a faded altar of an unknown god.
  1819 | D:2      | Reached XP level 3. HP: 22/24 MP: 3/6
  1866 | D:2      | Identified the +8 hand axe of Annoyance {protect, Will+
                  | Int+5}
  2218 | D:2      | Slain by an adder

Illustrated notes

Levels and vault maps discovered:
D:1:      dpeg_arrival_arbitrary_a, layout_loops_ring
D:2:      layout_basic, nicolae_ecumenical_pavilion

Skill      XL: |  1  2 |
---------------+-------+-----
Dodging        | 3 4 |  4.8
Ranged Weapons | |  0.3
Stealth        | |  2.1
Spellcasting   | |  2.0
Conjurations   | |  0.7
Air Magic      | |  2.4

Action                   || total
-------------------------++-------
Melee: Spear             ||    25
       Short sword       ||    77
       Punch             ||     1
 Fire: Sling             ||    23
 Cast: Shock             ||     3
 Stab: Sleeping          ||     4
Armor: Robe              ||     4
       Leather armour    ||    22
Dodge: Dodged            ||    62
